Map: Cerulean Fall LE

Players

BaneCK - Winner!

  • Race: Protoss Protoss
  • League: Platinum
  • Spawn Location: 7:00

Yocto

  • Race: Zerg Zerg
  • Spawn Location: 1:00

VOD

Have the link to the VOD?

Description

Time

  • Played on: Dec. 18, 2018, 10:36 a.m.
  • Length: 19:52
Show
View Real Time Build Order
Export as new Build Order

BaneCK Protoss - Winner!

Build Orders: Carriers 

Get SALT Encoding   

  12  0:03  Probe  
  13  0:15  Probe  
  13  0:21  Pylon  
  14  0:26  Probe  
  14  0:35  Probe  
  16  0:44  Probe  
  17  0:55  Gateway  
  17  1:01  Gateway  
  17  1:05  Pylon  
  17  1:14  Pylon  
  17  1:18  Pylon  
  17  1:21  Probe  
  18  1:29  Probe  
  18  1:33  Assimilator  
  18  1:37  Probe  
  19  1:43  Forge  
  20  2:03  Probe  
  20  2:07  Assimilator  
  21  2:23  Cybernetics Core  
  21  2:27  Photon Cannon  
  21  2:38  Probe, Pylon  
  21  2:41  Pylon  
  22  2:46  Probe  
  23  2:56  Probe  
  23  2:58  Photon Cannon  
  23  3:01  Photon Cannon  
  24  3:07  Photon Cannon  
  24  3:16  Probe, Warp Gate  
  25  3:24  Probe  
  25  3:33  Probe  
  26  3:35  Adept  
  26  3:37  Adept  
  31  3:54  Probe  
  32  4:06  Probe, Pylon  
  33  4:15  Pylon  
  33  4:16  Nexus  
  33  4:29  Probe  
  33  4:37  Probe  
  34  4:39  Stargate  
  34  4:43  Stargate  
  35  4:47  Probe  
  36  4:54  Assimilator  
  36  4:59  Probe  
  37  5:11  Probe  
  38  5:23  Probe  
  39  5:40  Void Ray x2  
  43  5:43  Stalker  
  43  5:44  Stalker  
  43  5:45  Probe  
  48  5:50  Assimilator  
  48  5:58  Probe  
  48  6:01  Robotics Facility  
  49  6:05  Pylon  
  49  6:10  Probe  
  50  6:21  Stalker x2  
  50  6:22  Probe  
  50  6:24  Protoss Air Weapons Level 1  
  50  6:25  Protoss Ground Weapons Level 1  
  55  6:34  Probe  
  55  6:36  Void Ray  
  60  6:49  Probe  
  61  6:57  Probe  
  65  7:02  Void Ray  
  65  7:06  Probe  
  67  7:17  Fleet Beacon  
  67  7:18  Probe  
  68  7:38  Void Ray  
  72  7:47  Void Ray  
  76  7:58  Stalker  
  76  8:00  Stalker  
  80  8:08  Robotics Bay  
  80  8:21  Warp Prism  
  80  8:25  Void Ray  
  86  8:33  Stalker  
  88  8:34  Stalker  
  90  8:43  Twilight Council  
  90  8:50  Void Ray  
  94  8:58  Zealot x2  
  98  9:34  Pylon  
  98  9:35  Pylon  
  97  9:44  Colossus  
  97  9:45  Void Ray  
  107  9:52  Void Ray  
  111  10:01  Nexus  
  111  10:04  Photon Cannon  
  111  10:05  Photon Cannon  
  111  10:07  Pylon  
  111  10:12  Photon Cannon  
  111  10:35  Colossus  
  117  10:43  Blink  
  117  10:59  Protoss Shields Level 1  
  117  11:00  Protoss Air Armor Level 1  
  117  11:04  Cybernetics Core  
  117  11:14  Carrier  
  121  11:25  Stalker  
  117  11:31  Pylon  
  117  11:34  Pylon  
  117  11:49  Carrier  
  117  11:52  Pylon  
  117  11:53  Pylon  
  123  11:55  Extended Thermal Lance, Pylon  
  123  11:59  Colossus  
  129  12:09  Zealot  
  137  12:37  Carrier  
  137  12:44  Charge  
  137  12:51  Mothership  
  137  13:10  Gateway  
  137  13:12  Gateway  
  145  13:14  Gateway  
  145  13:22  Carrier  
  151  13:49  Zealot  
  153  14:02  Pylon  
  153  14:04  Pylon  
  153  14:05  Pylon  
  153  14:14  Protoss Ground Armor Level 1  
  153  14:20  Carrier  
  159  14:25  Zealot  
  161  14:32  Zealot x2  
  161  14:33  Zealot  
  161  14:36  Carrier  
  139  15:28  Zealot  
  139  15:31  Zealot x3  
  145  15:39  Colossus  
  145  15:42  Mothership  
  158  16:51  Zealot  
  160  16:55  Zealot x2  
  160  16:56  Zealot  
  153  17:52  Assimilator  
  153  17:54  Nexus  
Show
View Real Time Build Order
Export as new Build Order

Yocto Zerg 

Build Orders: Hatch First 

Get SALT Encoding   

  12  0:01  Drone  
  13  0:13  Overlord  
  13  0:21  Drone  
  14  0:34  Drone x2  
  16  0:36  Drone  
  17  0:59  Hatchery  
  17  1:02  Drone  
  17  1:11  Extractor  
  17  1:12  Drone  
  17  1:25  Drone  
  17  1:26  Spawning Pool  
  17  1:29  Drone  
  17  1:31  Drone  
  19  1:47  Drone  
  20  1:54  Overlord  
  20  2:14  Queen  
  22  2:19  Queen  
  24  2:26  Drone x4  
  24  2:27  Drone  
  28  2:36  Drone  
  29  2:44  Drone x2  
  29  2:49  Zergling x2  
  32  2:56  Queen, Roach Warren  
  33  2:59  Queen  
  35  3:10  Drone  
  36  3:34  Overlord  
  36  3:35  Overlord x2  
  36  3:39  Lair, Hatchery  
  35  4:04  Drone x2  
  35  4:05  Drone x8  
  35  4:06  Drone  
  47  4:17  Drone x4  
  47  4:23  Extractor  
  49  4:50  Extractor x2  
  47  4:54  Hydralisk Den, Drone x3  
  47  4:57  Drone x4  
  53  5:00  Queen  
  53  5:02  Drone  
  53  5:03  Drone x5  
  61  5:19  Zergling x10  
  66  5:26  Overlord x2  
  66  5:27  Overlord x4  
  65  5:46  Drone x6  
  65  5:49  Extractor  
  70  5:50  Extractor  
  69  6:01  Metabolic Boost  
  69  6:02  Hatchery  
  68  6:08  Evolution Chamber, Drone x2  
  68  6:10  Evolution Chamber  
  68  6:11  Muscular Augments  
  68  6:14  Drone  
  68  6:15  Drone x6  
  75  6:23  Drone x6  
  81  6:36  Zerg Missile Weapons Level 1, Zerg Ground Armor Level 1  
  81  6:48  Spore Crawler  
  80  6:58  Overseer x2  
  80  6:59  Hydralisk x2  
  80  7:00  Hydralisk x8  
  80  7:01  Hydralisk  
  102  7:13  Queen  
  104  7:18  Overlord  
  104  7:19  Overlord x5  
  104  7:28  Spire, Grooved Spines  
  103  7:36  Overlord x5  
  103  7:38  Drone x2  
  103  7:39  Queen, Drone x3  
  110  7:52  Drone  
  110  7:53  Drone x4  
  115  8:02  Infestation Pit  
  114  8:09  Hydralisk x5  
  114  8:10  Hydralisk  
  114  8:12  Hydralisk x4  
  134  8:34  Extractor, Hydralisk x2  
  133  8:35  Hydralisk x7  
  151  8:44  Zerg Missile Weapons Level 2  
  151  9:05  Hatchery  
  151  9:08  Extractor  
  149  9:14  Zerg Ground Armor Level 2  
  149  9:21  Drone x2  
  149  9:22  Drone  
  152  9:29  Drone  
  152  9:30  Lurker Den, Drone x4  
  156  9:38  Overseer x5  
  156  10:11  Hive  
  156  10:20  Lurker Den  
  155  10:23  Hydralisk x13  
  155  10:24  Hydralisk x2  
  182  10:40  Zergling x6  
  182  10:41  Zergling x14  
  182  10:42  Zergling x12  
  198  10:49  Overlord x2  
  198  10:50  Overlord x4  
  198  10:58  Overlord x3  
  198  11:07  Queen  
  198  11:38  Greater Spire  
  198  11:50  Baneling Nest  
  198  11:52  Lurker x3  
  191  12:38  Zerg Missile Weapons Level 3  
  191  12:39  Zerg Ground Armor Level 3  
  191  12:41  Viper x3  
  200  13:37  Extractor  
  199  13:58  Roach Warren  
  198  14:14  Baneling  
  198  14:15  Baneling x7  
  198  14:16  Baneling x6  
  198  14:17  Baneling x5  
  198  14:18  Baneling x6  
  138  15:01  Hydralisk  
  138  15:02  Hydralisk x14  
  138  15:03  Hydralisk x18  
  194  15:46  Zergling x8  
  194  15:47  Zergling x4  
  200  16:01  Overseer x3  
  196  16:35  Hydralisk  
  196  16:36  Hydralisk  
  196  17:29  Hatchery, Corruptor x6  
  166  17:36  Hatchery  
  162  17:45  Zergling x4  
  162  17:46  Zergling x8  
  162  17:49  Corruptor  
  162  17:50  Corruptor x3  
  176  17:55  Hydralisk x3  
  176  17:56  Hydralisk x3  
  188  17:58  Overlord x4  
  188  18:18  Overseer  
  145  18:29  Hydralisk  
  145  18:30  Hydralisk x13  
  145  18:31  Hydralisk x25  
  145  18:32  Hydralisk x2  
  183  18:43  Hydralisk x5  
  156  19:07  Hydralisk  
  156  19:08  Hydralisk x9  
  142  19:14  Hydralisk x4  
Tags
 
Composition
Carriers
League
Platinum
Matchup
PvZ
Replay Pack
Yocto
Spawn Locations
Cross Positions
Add a new tag
Caveats
  • Supply blocks, unpowered buildings, or Contaminate may cause inaccurate times.
  • Supply counts are checked every 10 seconds.